 Dungeon Crawl Stone Soup version 0.17-a0-82-g3e33fa6 (webtiles) character file.

466 Ngotmuk the Shield-Bearer (level 7, -2/55 HPs)
             Began as a Human Fighter on Mar 16, 2015.
             Succumbed to a gnoll's poison
             ... on level 3 of the Dungeon.
             The game lasted 00:11:47 (2342 turns).

Ngotmuk the Shield-Bearer (Human Fighter)           Turns: 2342, Time: 00:11:47

Health: -2/55      AC: 15    Str: 18    XL:     7   Next: 30%
Magic:  7/7        EV:  4    Int:  9    God:
Gold:   103        SH:  9    Dex: 12    Spells: 0 memorised, 6 levels left

rFire  . . .     SeeInvis +     a - +0 flail
rCold  . . .     Clarity  .     j - +0 plate armour
rNeg   . . .     SustAb   .     c - +0 shield
rPois  .         Gourm    .     l - +2 helmet {SInv}
rElec  .         Spirit   .     (no cloak)
rCorr  .         Warding  .     (no gloves)
rMut   .         Stasis   .     (no boots)
MR     .....                    (no amulet)
Stlth  ..........               (no ring)
                                (no ring)

@: lethally poisoned (-2 -> -32), not resistant to hostile enchantments,
extremely unstealthy
A: no striking features
a: no special abilities


You were on level 3 of the Dungeon.
You were not hungry.

You visited 1 branch of the dungeon, and saw 3 of its levels.

You collected 103 gold pieces.

Inventory:

Hand weapons
 a - a +0 flail (weapon)
Armour
 c - a +0 shield (worn)
 j - a +0 plate armour (worn)
 l - a +2 helmet of see invisible (worn)
Jewellery
 g - a cursed amulet of inaccuracy {unknown}
Scrolls
 f - 2 scrolls of identify
 h - 2 scrolls of recharging
 p - a scroll of noise {unknown}
 q - a scroll of blinking {unknown}
 s - 2 scrolls of immolation {unknown}
Potions
 e - a potion of might
 k - a potion of heal wounds {unknown}
 m - a potion of mutation {unknown}
 n - a potion of restore abilities {unknown}
 o - 2 potions of curing {unknown}
 r - a potion of resistance
Comestibles
 b - a royal jelly
 d - a beef jerky


   Skills:
 + Level 4.4 Fighting
 + Level 3.3 Maces & Flails
 + Level 4.3 Armour
 + Level 2.7 Dodging
 + Level 4.6 Shields


You had 6 spell levels left.
You didn't know any spells.

Dungeon Overview and Level Annotations

Branches:
Dungeon (3/15)

Altars:


Message History

Your unstable footing causes you to fumble your attack.
* * * LOW HITPOINT WARNING * * *
You feel very sick. You block the gnoll's attack.
You block the jackal's attack.
You hit the gnoll but do no damage.
* * * LOW HITPOINT WARNING * * *
You feel very sick. You block the jackal's attack.
The gnoll hits you with a halberd of venom.
* * * LOW HITPOINT WARNING * * *
The jackal bites you but does no damage.
You hit the gnoll!
The gnoll is heavily wounded.
* * * LOW HITPOINT WARNING * * *
You feel very sick.
The jackal splashes around in the water.
The gnoll completely misses you. The jackal barely misses you.
You closely miss the gnoll.
The gnoll is heavily wounded.
You die...

######################
..............P......#
......P........(.....#
≈≈≈≈≈≈≈≈≈≈≈≈≈≈≈≈@....#
≈≈≈≈≈≈≈≈≈≈≈≈≈≈≈≈hg...#
≈≈≈≈≈≈≈≈≈≈#####≈≈.[..#
.†.†.†....#...#≈≈..!.#
#########'#...#≈≈....#
.)...'....#'###≈≈....#
######......# ≈≈≈....#
.....#....### ≈≈≈....
.8#..##''##.# ≈≈.


You could see a gnoll and a jackal.

Vanquished Creatures
  Sigmund (D:2)
  A crimson imp (D:3)
  An orc priest (D:3)
  Natasha (thrice) (D:3)
  An orc wizard (D:3)
  Terence (D:1)
  17 gnolls (D:3)
  3 adders
  A giant mite (D:2)
  A worm (D:2)
  2 giant geckos
  2 orcs (D:2)
  6 bats
  6 goblins
  11 hobgoblins
  25 jackals
  2 quokkas (D:2)
  A ball python (D:2)
  2 giant cockroaches
  2 giant newts (D:1)
  5 kobolds
  8 rats
102 creatures vanquished.

Notes
Turn   | Place    | Note
--------------------------------------------------------------
     0 | D:1      | Ngotmuk, the Human Fighter, began the quest for the Orb.
     0 | D:1      | Reached XP level 1. HP: 18/18 MP: 1/1
   149 | D:1      | Reached XP level 2. HP: 22/24 MP: 2/2
   522 | D:1      | Reached XP level 3. HP: 26/29 MP: 3/3
   554 | D:1      | Reached skill level 1 in Dodging
   731 | D:2      | Noticed Terence
   761 | D:1      | Killed Terence
   761 | D:1      | Reached XP level 4. HP: 14/35 MP: 4/4
  1156 | D:2      | Noticed Sigmund
  1176 | D:2      | Killed Sigmund
  1176 | D:2      | Reached XP level 5. HP: 17/41 MP: 5/5
  1659 | D:3      | Reached XP level 6. HP: 37/48 MP: 6/6
  1662 | D:3      | Reached skill level 4 in Shields
  1797 | D:3      | Noticed Natasha
  1799 | D:3      | Killed Natasha
  1900 | D:3      | Reached XP level 7. HP: 18/54 MP: 7/7
  2217 | D:3      | Noticed Natasha
  2247 | D:3      | Killed Natasha
  2291 | D:3      | Noticed Natasha
  2299 | D:3      | Killed Natasha
  2341 | D:3      | HP: 1/55 [poisoned by a gnoll]
  2342 | D:3      | Succumbed to a gnoll's poison

Action                   |  1- 3 |  4- 6 |  7- 9 || total
-------------------------+-------+-------+-------++-------
Melee: Flail             |   123 |   181 |    72 ||   376
  Use: Scroll            |       |     3 |       ||     3
  Eat: Pizza             |       |     1 |       ||     1
       Fruit             |       |     3 |       ||     3
       Bread ration      |       |       |     1 ||     1
